 Dungeon Crawl Stone Soup version 0.22-a0-109-gbeb7240 (webtiles) character file.

3582 reaverb the Basher (level 10, 0/65 HPs)
             Began as a Gargoyle Earth Elementalist on Jan 27, 2018.
             Was a Priest of Makhleb.
             Slain by an orc warrior
             ... wielding a +0 dire flail
              (5 damage)
             ... on level 8 of the Dungeon.
             The game lasted 00:27:30 (11070 turns).

reaverb the Basher (Gargoyle Earth Elementalist)   Turns: 11070, Time: 00:27:31

Health: 0/65       AC: 13    Str: 12    XL:     10   Next: 10%
Magic:  14/14      EV: 10    Int: 16    God:    Makhleb [***...]
Gold:   325        SH:  0    Dex: 13    Spells: 7/13 levels left

rFire    . . .     SeeInvis .   w - +0 flail
rCold    . . .     Gourm    .   (no shield)
rNeg     + . .     Faith    .   k - +0 scale mail
rPois    ∞         Spirit   .   (no helmet)
rElec    +         Reflect  .   (no cloak)
rCorr    .         Harm     .   (no gloves)
MR       +....                  (no boots)
Stlth    +.........             (no amulet)
HPRegen  0.20/turn              t - ring of protection from magic
MPRegen  0.14/turn              z - ring of wizardry

@: no status effects
A: negative energy resistance 1, electricity resistance, unbreathing,
petrification resistance, rot immunity, AC +7
a: Minor Destruction, Lesser Servant of Makhleb, Renounce Religion


You were on level 8 of the Dungeon.
You worshipped Makhleb.
Makhleb was most pleased with you.
You were not hungry.

You visited 1 branch of the dungeon, and saw 8 of its levels.

You collected 325 gold pieces.

Notes
Turn   | Place    | Note
-------+----------+-------------------------------------------
     0 | D:1      | reaverb the Gargoyle Earth Elementalist began the quest for the Orb.
     0 | D:1      | Reached XP level 1. HP: 10/10 MP: 3/3
   184 | D:1      | Reached skill level 1 in Fighting
   216 | D:1      | Reached XP level 2. HP: 16/17 MP: 0/5
   778 | D:2      | Reached skill level 1 in Maces & Flails
   778 | D:2      | Reached XP level 3. HP: 22/22 MP: 3/6
   905 | D:2      | Noticed Terence
   912 | D:2      | Huge Dmg: 7 Dmg
   913 | D:2      | Huge Dmg: 5 Dmg
   923 | D:2      | Huge Dmg: 6 Dmg
   924 | D:2      | Huge Dmg: 3 Dmg
   931 | D:2      | Killed Terence
   931 | D:2      | Reached skill level 2 in Maces & Flails
  1175 | D:2      | Reached XP level 4. HP: 24/27 MP: 7/7
  1266 | D:2      | Learned a level 3 spell: Stone Arrow
  1650 | D:2      | Huge Dmg: 4 Dmg
  1652 | D:2      | Reached skill level 3 in Maces & Flails
  1837 | D:2      | Found a burning altar of Makhleb.
  1846 | D:2      | Became a worshipper of Makhleb the Destroyer
  1942 | D:2      | Reached XP level 5. HP: 28/31 MP: 6/8
  2015 | D:2      | Reached skill level 4 in Maces & Flails
  2225 | D:2      | Noticed Natasha
  2229 | D:2      | Killed Natasha
  2312 | D:2      | Found a glowing golden altar of the Shining One.
  2726 | D:3      | Reached skill level 5 in Maces & Flails
  2726 | D:3      | Reached XP level 6. HP: 30/36 MP: 7/9
  3171 | D:3      | Reached * piety under Makhleb
  3290 | D:4      | Noticed a dagger
  3291 | D:4      | Noticed a hand axe
  3452 | D:4      | Huge Dmg: 8 Dmg
  3615 | D:4      | Found an opulent altar of Gozag.
  3834 | D:4      | Huge Dmg: 7 Dmg
  4238 | D:4      | Reached skill level 6 in Maces & Flails
  4384 | D:4      | Reached ** piety under Makhleb
  4404 | D:4      | Found a hide-covered altar of Uskayaw.
  4413 | D:4      | Huge Dmg: 8 Dmg
  4413 | D:4      | Reached XP level 7. HP: 29/40 MP: 6/10
  4526 | D:3      | Huge Dmg: 13 Dmg
  4529 | D:3      | Huge Dmg: 11 Dmg
  4779 | D:4      | Huge Dmg: 8 Dmg
  5464 | D:4      | You fall through a shaft!
  5464 | D:5      | Entered Level 5 of the Dungeon
  5470 | D:5      | Found a sacrificial altar of Ru.
  6077 | D:5      | Reached skill level 1 in Invocations
  6323 | D:5      | Reached XP level 8. HP: 37/48 MP: 11/11
  6501 | D:5      | Learned a level 2 spell: Swiftness
  6525 | D:6      | Huge Dmg: 21 Dmg
  6641 | D:5      | Huge Dmg: 10 Dmg
  6920 | D:5      | Huge Dmg: 15 Dmg
  7028 | D:6      | Reached skill level 5 in Invocations
  7096 | D:6      | Huge Dmg: 20 Dmg
  7368 | D:6      | Huge Dmg: 14 Dmg
  7510 | D:5      | Huge Dmg: 20 Dmg
  7633 | D:5      | Huge Dmg: 10 Dmg
  7803 | D:5      | Reached skill level 7 in Maces & Flails
  7806 | D:5      | Huge Dmg: 6 Dmg
  7890 | D:6      | Huge Dmg: 13 Dmg
  7892 | D:6      | Huge Dmg: 8 Dmg
  7895 | D:5      | Huge Dmg: 10 Dmg
  8096 | D:5      | Reached *** piety under Makhleb
  8157 | D:6      | Reached skill level 5 in Fighting
  8183 | D:6      | Huge Dmg: 11 Dmg
  8198 | D:6      | Huge Dmg: 10 Dmg
  8207 | D:6      | Reached XP level 9. HP: 42/54 MP: 13/13
  8319 | D:6      | Found a radiant altar of Vehumet.
  8509 | D:6      | Found a staircase to the Ecumenical Temple.
  8661 | D:7      | Found a sacrificial altar of Ru.
  8673 | D:7      | Huge Dmg: 14 Dmg
  8677 | D:7      | Huge Dmg: 14 Dmg
  8832 | D:6      | Huge Dmg: 15 Dmg
  8995 | D:7      | Huge Dmg: 10 Dmg
  8995 | D:7      | Reached skill level 8 in Maces & Flails
  9193 | D:7      | Huge Dmg: 12 Dmg
  9456 | D:7      | Reached skill level 9 in Maces & Flails
  9501 | D:7      | Huge Dmg: 12 Dmg
  9504 | D:7      | Huge Dmg: 15 Dmg
  9748 | D:7      | Found a stormy altar of Qazlal.
  9775 | D:6      | Huge Dmg: 17 Dmg
  9782 | D:6      | Huge Dmg: 12 Dmg
 10117 | D:7      | Found a bloodstained altar of Trog.
 10245 | D:7      | Huge Dmg: 12 Dmg
 10246 | D:7      | Huge Dmg: 20 Dmg
 10535 | D:7      | Huge Dmg: 12 Dmg
 10542 | D:7      | Reached XP level 10. HP: 41/64 MP: 14/14
 11021 | D:8      | Reached skill level 1 in Conjurations
 11065 | D:8      | Huge Dmg: 12 Dmg
 11066 | D:8      | Huge Dmg: 14 Dmg
 11069 | D:8      | HP: 5/65 [orc warrior/dire flail (13)]
 11070 | D:8      | Huge Dmg: 13 Dmg
 11070 | D:8      | Slain by an orc warrior

Inventory:

Hand Weapons
 w - a +0 flail (weapon)
Missiles
 b - 174 stones (quivered)
 r - 3 throwing nets
Armour
 c - a +0 robe
 k - a +0 scale mail (worn)
 s - a +0 chain mail
Jewellery
 h - a +4 ring of strength
 t - a ring of protection from magic (left hand)
 z - a ring of wizardry (right hand)
 B - an uncursed ring of protection from magic
Wands
 j - a wand of flame (24)
 y - a wand of random effects (23)
Scrolls
 g - a scroll of enchant armour {unknown}
 l - 2 scrolls of amnesia
 o - 3 scrolls of remove curse
 p - a scroll of magic mapping
 q - 2 scrolls of fear
 A - 4 scrolls of identify
 D - a scroll of blinking {unknown}
Potions
 a - a potion of haste {unknown}
 f - a potion of agility
 i - 2 potions of heal wounds
 m - a potion of mutation {!q}
 n - 2 potions of brilliance
 u - 6 potions of curing
 v - 2 potions of flight
Books
 e - a book of Geomancy

   Spells                             Type                      Level
   a - Sandblast                      Earth                        1
   b - Passwall                       Transmutation/Earth          2
   c - Stone Arrow                    Conjuration/Earth            3
   d - Petrify                        Transmutation/Earth          4
   e - Lee's Rapid Deconstruction     Earth                        5
 C - a book of Air

   Spells                             Type                      Level
   a - Shock                          Conjuration/Air              1
   b - Swiftness                      Charms/Air                   2
   c - Static Discharge               Conjuration/Air              3
   d - Airstrike                      Air                          4
   e - Lightning Bolt                 Conjuration/Air              5
Comestibles
 d - 13 rations
 x - a chunk of flesh {@w0}

Table legend:
 A = Turns spent in this place as a percentage of turns spent in the entire game.
 B = Non-inter-level travel turns spent in this place as a percentage of non-inter-level travel turns spent in the entire game.
 C = Inter-level travel turns spent in this place as a percentage of turns spent in this place.
 D = Turns resting spent in this place as a percentage of non-inter-level travel turns spent in this place.
 E = Turns spent auto-exploring this place as a percentage of non-inter-level travel turns spent in this place.
 F = Non-inter-level travel turns spent in this place divided by the number of levels of this place that you've seen.
                   A       B       C       D       E      F
               +-------+-------+-------+-------+-------+----------------------
         Total | 100.0 | 100.0 |   2.8 |  42.2 |  28.8 | 1345.4
       Dungeon | 100.0 | 100.0 |   2.8 |  42.2 |  28.8 | 1345.4
               +-------+-------+-------+-------+-------+----------------------


   Skills:
 - Level 8.4 Fighting
 - Level 9.6 Maces & Flails
 + Level 3.2 Dodging
 - Level 2.1 Stealth
 - Level 2.0 Spellcasting
 + Level 1.9 Conjurations
   Level 0.7 Transmutations
 - Level 3.6 Earth Magic
 - Level 5.8 Invocations


You had 7 spell levels left.
You knew the following spells:

 Your Spells              Type           Power        Failure   Level  Hunger
a - Sandblast             Erth           ##....       11%         1    #......
b - Stone Arrow           Conj/Erth      ##....       38%         3    ###....
c - Swiftness             Chrm/Air       #.......     52%         2    ###....


Dungeon Overview and Level Annotations

Branches:
Dungeon (8/15)             Temple (0/1) D:6
   Lair: D:8-11

Altars:
Gozag
Makhleb
Qazlal
Ru
Trog
Uskayaw
Vehumet
The Shining One

Annotations:
D:6 exclusion: downstairs


Innate Abilities, Weirdness & Mutations

You are resistant to torment.
Your stone body is resilient. (AC +7)
You are immune to poison.
You resist negative energy. (rN+)
You are resistant to electric shocks. (rElec)
You can survive without breathing.
You are immune to petrification.
You are immune to rotting.


Message History

Okay, then.
You sock the killer bee!
You kill the killer bee!
Makhleb accepts your kill.
You feel better.
You see here a killer bee corpse.
You now have 325 gold pieces (gained 17).
Eating one of 2 chunks of flesh {@w0}.
You eat one of the 2 chunks of flesh {@w0}.
This raw flesh tastes terrible.
An orc warrior comes into view. It is wielding a dire flail.
The orc warrior shouts!
You hear a shout!
Found a stone staircase leading down.
A hound and a crocodile come into view.
Press: ? - help, Shift-Dir - straight line, f - hound
Aim: a hound (hasn't noticed you)
Okay, then.
The hound barks!
You hear a shout!
You hear a bark!
An orc wizard comes into view. It is wielding a dagger.
Press: ? - help, Shift-Dir - straight line, f - hound
Aim: a hound The glob of acid hits the hound.
The hound is splashed with acid.
The acid corrodes the hound!
The hound is severely wounded.
The hound is splashed with acid.
The acid corrodes the hound!
You kill the hound!
Makhleb accepts your kill.
Damage: -1%(-1hp) hp: 99%(64hp)
An orc comes into view. It is wielding a club.
Press: ? - help, Shift-Dir - straight line, f - orc warrior
Aim: an orc warrior, wielding a dire flail and wearing a chain mail The stone arrow hits the orc warrior.
The orc warrior is heavily wounded.
Press: ? - help, Shift-Dir - straight line, f/p - orc warrior
Aim: an orc warrior, wielding a dire flail and wearing a chain mail (heavily wounded)
The puff of flame hits the orc warrior.
The orc warrior appears unharmed.
The orc warrior is heavily wounded.
Damage: -2%(-1hp) hp: 97%(63hp)
Press: ? - help, Shift-Dir - straight line, f/p - orc warrior
Aim: an orc warrior, wielding a dire flail and wearing a chain mail (heavily wounded)
The puff of flame misses the orc warrior.
The puff of flame hits the orc wizard.
The orc wizard is moderately wounded.
An orc comes into view. It is wielding a hand axe.
Damage: -1%(-1hp) hp: 96%(62hp)
Okay, then.
Unknown command.
The orc shouts!
You hit the orc warrior.
The orc warrior is heavily wounded.
The orc warrior hits you with a dire flail!
An orc comes into view. It is wielding a mace.
Damage: -11%(-7hp) hp: 85%(55hp)
You hit the orc warrior.
The orc warrior is severely wounded.
The orc warrior hits you with a dire flail!
Damage: -12%(-8hp) hp: 73%(47hp)
You completely miss the orc warrior.
The orc warrior is severely wounded.
A hound comes into view.
You hit the orc warrior.
The orc warrior is severely wounded.
The orc warrior hits you with a dire flail.
Damage: -7%(-5hp) hp: 67%(43hp)
You hit the orc warrior.
The orc warrior is almost dead.
The orc warrior hits you with a dire flail!
* * * LOW HITPOINT WARNING * * *
An orc opens the door.
Huge Dmg: -19%(-12hp) hp: 48%(31hp)
You hit the orc warrior but do no damage.
The orc warrior is almost dead.
The orc warrior hits you with a dire flail!
* * * LOW HITPOINT WARNING * * *
Huge Dmg: -21%(-14hp) hp: 27%(17hp)
Your scale mail prevents you from hitting the orc warrior.
The orc warrior is almost dead.
The orc warrior barely misses you.
Unknown command.
Unknown command.
Unknown command.
You closely miss the orc warrior.
The orc warrior is almost dead.
The orc warrior barely misses you.
Unknown command.
Unknown command.
You barely miss the orc warrior.
The orc warrior is almost dead.
You completely miss the orc warrior.
The orc warrior is almost dead.
The orc warrior hits you with a dire flail!
* * * LOW HITPOINT WARNING * * *
Huge Dmg: -20%(-13hp) hp: 8%(5hp) Unknown command.
Unknown command.
Unknown command.
You closely miss the orc warrior.
The orc warrior is almost dead.
The orc warrior hits you with a dire flail.
You die...

#÷## ..### #.# #... ..#
#..# ### #+# #.t# # #.#
#oh# ##### ##.####oo
....# #.....#o# ###.#
##...#.#o# # #.#
#......#@###+###
###.######...#.#........
....†...##.............#
....###......#.#########
##### ####.###.# #.....#
#######


You could see an orc warrior, a crocodile, a hound, an orc wizard and 3 orcs.

Table legend:
 A = Kills in this place as a percentage of kills in entire the game.
 B = Kills by you in this place as a percentage of kills by you in the entire game.
 C = Kills by friends in this place as a percentage of kills by friends in the entire game.
 D = Other kills in this place as a percentage of other kills in the entire game.
 E = Experience gained in this place as a percentage of experience gained in the entire game.
 F = Experience gained in this place divided by the number of levels of this place that you have seen.
                   A       B       C       D       E      F
               +-------+-------+-------+-------+-------+----------------------
         Total | 100.0 | 100.0 |   N/A |   N/A | 100.0 | 639.8
       Dungeon | 100.0 | 100.0 |   N/A |   N/A | 100.0 | 639.8
               +-------+-------+-------+-------+-------+----------------------

Vanquished Creatures
  A yak (D:7)
  3 hogs (D:7)
  A human (D:7)
  2 ice beasts (D:6)
  2 sky beasts
  A phantom (D:7)
  2 orc warriors (D:7)
  3 ogres
  2 centaurs (D:5)
  A water moccasin zombie (D:7)
  A scorpion (D:5)
  3 killer bees (D:8)
  4 wights
  A howler monkey (D:7)
  3 crimson imps
  A quasit (D:6)
  10 orc priests
  5 hounds
  8 orc wizards
  A centaur skeleton (D:4)
  Natasha (D:2)
  Terence (D:2)
  3 iguanas
  3 worker ants
  A worker ant zombie (D:5)
  10 gnolls
  8 adders
  2 oozes
  4 worms
  A dart slug (D:2)
  7 leopard geckos
  36 orcs
  8 bats
  3 giant cockroaches
  15 hobgoblins
  4 jackals (D:2)
  A quokka (D:5)
  4 frilled lizards
  18 goblins
  17 kobolds
  A leopard gecko skeleton (D:4)
  A quokka zombie (D:7)
  6 rats
210 creatures vanquished.

Action                   |  1- 3 |  4- 6 |  7- 9 | 10-12 || total
-------------------------+-------+-------+-------+-------++-------
Melee: Unarmed           |     9 |       |       |       ||     9
       Mace              |    38 |    88 |       |       ||   126
       Flail             |       |    72 |   464 |    33 ||   569
 Cast: Sandblast         |    30 |    89 |    60 |     2 ||   181
Invok: Minor Destruction |       |     2 |    41 |     8 ||    51
  Use: Potion            |     1 |       |     2 |       ||     3
       Scroll            |       |    12 |     5 |       ||    17
  Eat: Chunk             |     1 |    13 |    18 |     2 ||    34
       Ration            |       |       |     1 |       ||     1
Armor: Robe              |     1 |       |       |       ||     1
       Scale mail        |    36 |   141 |   225 |     6 ||   408
Dodge: Dodged            |    35 |   149 |   230 |     8 ||   422
